 Dungeon Crawl Stone Soup version 0.19-a0-1457-g32fba05 (webtiles) character file.

1364 Amnesiac the Merchant of Misery (level 8, 0/52 HPs)
             Began as a Demonspawn Necromancer on Sept 7, 2016.
             Was a Believer of Kikubaaqudgha.
             Shot with an arrow by a centaur (6 damage)
             ... on level 6 of the Dungeon.
             The game lasted 00:12:56 (6924 turns).

Amnesiac the Merchant of Misery (DsNe)              Turns: 6924, Time: 00:12:57

Health: 0/52       AC:  8    Str:  9    XL:     8   Next: 38%
Magic:  0/15       EV: 12    Int: 17    God:    Kikubaaqudgha [**....]
Gold:   316        SH:  0    Dex: 15    Spells: 5 memorised, 4 levels left

rFire  . . .     SeeInvis +     F - +4 quarterstaff (chaos)
rCold  . . .     Gourm    .     a - +0 robe
rNeg   . . .     Faith    .     (shield currently unavailable)
rPois  .         Spirit   .     (no helmet)
rElec  .         Dismiss  .     E - +2 cloak
rCorr  +         Reflect  .     (no gloves)
MR     .....     Harm     .     (no boots)
Stlth  ++........               (no amulet)
                                z - ring of see invisible
                                d - ring of resist corrosion

@: lethally poisoned (0 -> -4)
A: slimy green scales 2, powered by pain 1
a: Receive Corpses, Renounce Religion


You were on level 6 of the Dungeon.
You worshipped Kikubaaqudgha.
Kikubaaqudgha was pleased with you.
You were not hungry.

You visited 2 branches of the dungeon, and saw 7 of its levels.

You collected 316 gold pieces.

Inventory:

Hand Weapons
 F - a +4 quarterstaff of chaos (weapon)
 G - a +1 mace of protection
Armour
 a - a +0 robe (worn)
 E - a +2 cloak (worn)
Jewellery
 d - a ring of resist corrosion (left hand)
 z - a ring of see invisible (right hand)
Wands
 m - a wand of slowing (25/48)
 p - a wand of lightning (6/15)
 D - a wand of teleportation (4/9)
Scrolls
 h - 9 scrolls of identify
 i - a scroll of fear {unknown}
 j - 5 scrolls of remove curse
 o - a scroll of blinking {unknown}
 w - 2 scrolls of enchant armour {unknown}
 y - 4 scrolls of noise {unknown}
 I - a scroll of random uselessness {unknown}
 K - a scroll of torment {unknown}
Potions
 e - a potion of invisibility {unknown}
 f - a potion of berserk rage {unknown}
 g - a potion of brilliance {unknown}
 k - 3 potions of haste {unknown}
 n - 3 potions of curing {unknown}
 v - a potion of resistance {unknown}
 x - 2 potions of cancellation {unknown}
 A - a potion of agility
 B - a potion of magic {unknown}
 J - a potion of heal wounds {unknown}
Books
 b - a book of Necromancy

   Spells                             Type                      Level
   a - Pain                           Necromancy                   1
   b - Animate Skeleton               Necromancy                   1
   c - Vampiric Draining              Necromancy                   3
   d - Regeneration                   Charms/Necromancy            3
   e - Animate Dead                   Necromancy                   4
   f - Control Undead                 Necromancy                   4
 u - a book of the Warp

   Spells                             Type                      Level
   a - Gell's Gravitas                Hexes/Translocation          3
   b - Force Lance                    Conjuration/Translocation    4
   c - Summon Forest                  Summoning/Translocation      5
   d - Dispersal                      Translocation                6
   e - Controlled Blink               Translocation                8
   f - Disjunction                    Translocation                8
 C - Kikubaaqudgha's Tome of Unholy Secrets
   (Kikubaaqudgha gifted it to you on level 3 of the Dungeon)

   Spells                             Type                      Level
   a - Animate Skeleton               Necromancy                   1
   b - Corpse Rot                     Necromancy                   2
   c - Sublimation of Blood           Necromancy                   2
   d - Regeneration                   Charms/Necromancy            3
   e - Control Undead                 Necromancy                   4
Comestibles
 c - 3 bread rations
 l - a slice of pizza
 q - a beef jerky
 r - 5 fruits
 s - 2 royal jellies
 t - a meat ration
 H - 3 chunks of flesh


   Skills:
 + Level 2.9 Staves
 - Level 1.7 Dodging
 - Level 1.7 Stealth
 - Level 5.0 Spellcasting
 - Level 10.0 Necromancy


You had 4 spell levels left.
You knew the following spells:

 Your Spells              Type           Power        Failure   Level  Hunger
a - Control Undead        Necr           #####.....   2%          4    ####...
d - Corpse Rot            Necr           N/A          1%          2    #......
f - Vampiric Draining     Necr           #####.....   1%          3    ###....
r - Regeneration          Chrm/Necr      ###.......   8%          3    ###....
z - Pain                  Necr           ####         1%          1    None


Dungeon Overview and Level Annotations

Branches:
Dungeon (6/15)             Temple (1/1) D:5

Altars:
Dithmenos
Elyvilon
Kikubaaqudgha
Makhleb
Okawaru
Qazlal
Trog
Vehumet
Yredelemnul
The Shining One

Shops:
D:5 (

Annotations:
D:6 Amnesiac's ghost, novice KoHu


Innate Abilities, Weirdness & Mutations

You are mostly covered in slimy green scales. (AC +3)
You sometimes gain a little power by taking damage.


Message History

You feel sick.
You hear the brisk rusting of a drain nearby.
You feel sick.
Okay, then.
You feel sick.
You feel sick.
Casting: Control Undead
Confirm with . or Enter, or press ? or * to list all spells.
Amnesiac's ghost resists with almost no effort.
Amnesiac's ghost hits you.
* * * LOW HITPOINT WARNING * * *
You are more poisoned.
You feel sick.
You feel sick.
You feel sick.
A jackal and a centaur come into view.
The centaur shouts!
The centaur wields a shortbow.
The centaur shoots an arrow.
The arrow hits you.
You die...
Kikubaaqudgha rasps: "You have failed me!
Welcome... death!"

#...##.#
###......#
.........#
h........#
.........#
.........#
.........#
c......@.#
......##.#
..... #W#
##.. #.#
#. #.# #
#.# #.#
#.# #.#


You could see a centaur, Amnesiac's ghost and a jackal (wandering).

Vanquished Creatures
  2 water moccasins
  2 ogres
  A black bear (D:4)
  A giant frog (D:6)
  A water moccasin zombie (D:6)
  A scorpion (D:4)
  A crimson imp (D:5)
  2 orc priests (D:6)
  2 hounds
  Crazy Yiuf (D:2)
  2 centaur skeletons
  An iguana (D:5)
  Terence (D:3)
  3 orc wizards
  5 worker ants
  A hound zombie (D:6)
  8 adders
  A shadow imp (D:5)
  An ooze (D:4)
  An adder skeleton (D:4)
  A worm (D:3)
  2 dart slugs
  7 giant geckos
  19 orcs
  A ball python (D:5)
  8 bats
  4 giant cockroaches
  9 goblins
  9 hobgoblins
  9 jackals
  5 quokkas
  A giant gecko skeleton (D:4)
  3 giant newts
  4 kobolds
  7 rats
127 creatures vanquished.

Vanquished Creatures (collateral kills)
  A centaur skeleton (D:6)
1 creature vanquished.

Vanquished Creatures (others)
  A kobold (D:3)
1 creature vanquished.

Grand Total: 129 creatures vanquished

Notes
Turn   | Place    | Note
-------+----------+-------------------------------------------
     0 | D:1      | Amnesiac the Demonspawn Necromancer began the quest for the Orb.
     0 | D:1      | Reached XP level 1. HP: 13/13 MP: 3/3
   277 | D:2      | Gained mutation: You are partially covered in slimy green scales. (AC +2) [demonic ancestry]
   277 | D:2      | Reached XP level 2. HP: 16/19 MP: 1/5
   522 | D:2      | Reached skill level 5 in Necromancy
   589 | D:2      | Gained mutation: You sometimes gain a little power by taking damage. [demonic ancestry]
   589 | D:2      | Reached XP level 3. HP: 20/24 MP: 2/6
   690 | D:2      | Learned a level 3 spell: Vampiric Draining
   694 | D:2      | Learned a level 3 spell: Regeneration
  1058 | D:4      | Reached XP level 4. HP: 19/30 MP: 0/8
  1438 | D:3      | Reached skill level 6 in Necromancy
  1850 | D:4      | Gained mutation: You are mostly covered in slimy green scales. (AC +3) [demonic ancestry]
  1850 | D:4      | Reached XP level 5. HP: 33/35 MP: 5/9
  2411 | D:4      | Reached skill level 7 in Necromancy
  2423 | D:4      | Learned a level 4 spell: Control Undead
  2538 | D:4      | Noticed a black bear
  2543 | D:4      | Killed a black bear
  2543 | D:4      | Reached XP level 6. HP: 38/41 MP: 6/11
  2631 | D:5      | Entered Level 5 of the Dungeon
  2632 | D:5      | Noticed a water moccasin
  2644 | D:4      | Killed a water moccasin
  2972 | D:5      | Reached skill level 8 in Necromancy
  2972 | D:5      | Reached XP level 7. HP: 13/46 MP: 6/13
  3948 | D:5      | Reached skill level 9 in Necromancy
  4196 | D:5      | Found a staircase to the Ecumenical Temple.
  4214 | D:5      | Found Xareidaulo's Antique Weapon Shoppe.
  4230 | Temple   | Entered the Ecumenical Temple
  4250 | Temple   | Became a worshipper of Kikubaaqudgha
  5242 | D:2      | Found a runed door.
  5246 | D:2      | Noticed Crazy Yiuf
  5250 | D:2      | Killed Crazy Yiuf
  5671 | D:3      | Noticed Terence
  5688 | D:3      | Killed Terence
  5688 | D:3      | Reached * piety under Kikubaaqudgha
  5688 | D:3      | Identified Kikubaaqudgha's Tome of Unholy Secrets (Kikubaaqudgha gifted it to you on level 3 of the Dungeon)
  5688 | D:3      | Received a gift from Kikubaaqudgha
  5702 | D:3      | Learned a level 2 spell: Corpse Rot
  5966 | D:3      | Reached skill level 5 in Spellcasting
  6466 | D:6      | Reached XP level 8. HP: 42/52 MP: 15/15
  6588 | D:6      | Reached skill level 10 in Necromancy
  6604 | D:6      | Reached skill level 1 in Staves
  6624 | D:6      | Noticed Amnesiac's ghost (novice KoHu)
  6896 | D:6      | Reached ** piety under Kikubaaqudgha
  6924 | D:6      | Shot with an arrow by a centaur

Vault maps used:
D:1:      dpeg_arrival_prison, minmay_tromino_mix6
D:2:      first_bread, uniq_crazy_yiuf_cottage
D:3:      uniq_terence
D:4:      black_bear_nest_1
D:5:      serial_glass, glass_columns_b, glass_columns_b, serial_shops,
          nicolae_shop_stone, minmay_misc_feat_square
D:6:      kb_forest_paths, gup_sewer_entry_bowl, minmay_misc_feat_four_crosses
Temple:   nicolae_temple_the_god_donut

Skill      XL: |  1  2  3  4  5  6  7  8 |
---------------+-------------------------+-----
Necromancy     | 5 6 7 8 9 10 | 10.0
Spellcasting   | 3 4 5 |  5.0
Staves         | 2 |  2.9
Dodging        | |  1.7
Stealth        | |  1.7

Action                   |  1- 3 |  4- 6 |  7- 9 || total
-------------------------+-------+-------+-------++-------
Melee: Unarmed           |     2 |    26 |       ||    28
       War axe           |       |     7 |    85 ||    92
       Quarterstaff      |       |       |   109 ||   109
 Cast: Pain              |    52 |    61 |    68 ||   181
       Vampiric Draining |       |     6 |    16 ||    22
       Regeneration      |       |     1 |     4 ||     5
       Control Undead    |       |       |     7 ||     7
  Use: Scroll            |       |       |     2 ||     2
 Stab: Sleeping          |       |       |     3 ||     3
       Distracted        |       |       |     1 ||     1
  Eat: Chunk             |     1 |     5 |    17 ||    23
Armor: Robe              |     1 |     6 |    58 ||    65
Dodge: Dodged            |    12 |    36 |   152 ||   200
